 Dungeon Crawl Stone Soup version 0.16-a0-119-gc74d62a (webtiles) character file.

3873 Ololoev the Basher (level 10, -4/94 HPs)
             Began as an Ogre Hunter on Aug 12, 2014.
             Was a Priest of Okawaru.
             Slain by Gastronok (26 damage)
             ... on Level 10 of the Dungeon.
             The game lasted 00:41:14 (11416 turns).

Ololoev the Basher (Ogre Hunter)                   Turns: 11416, Time: 00:41:14

HP  -4/94        AC 11     Str 22      XL: 10   Next: 19%
MP  17/17        EV 10     Int 10      God: Okawaru [***...]
Gold 492         SH  0     Dex 10      Spells:  4 memorised,  0 levels left

rFire  . . .     SeeInvis .     g - +2 flail (protect)
rCold  . . .     Clarity  .     d - +0 animal skin
rNeg   . . .     rCorr    .     (shield restricted)
rPois  .         rRot     .     (helmet restricted)
rElec  .         Spirit   .     c - +2 cloak
SustAb .         Warding  .     (gloves unavailable)
rMut   .         Stasis   .     (boots unavailable)
Gourm  .                        (no amulet)
MR     +....                    (no ring)
                                a - cursed ring of wizardry

@: slowed, very slow, somewhat resistant to hostile enchantments, very
unstealthy
A: unfitting armour, tough skin 1
a: Heroism, Renounce Religion


You were on level 10 of the Dungeon.
You worshipped Okawaru.
Okawaru was most pleased with you.
You were not hungry.

You visited 2 branches of the dungeon, and saw 11 of its levels.

You collected 492 gold pieces.

Inventory:

Hand weapons
 g - a +2 flail of protection (weapon)
 y - a +3 flail of holy wrath
Missiles
 s - 3 large rocks (quivered)
 L - a throwing net
Armour
 c - a +2 cloak (worn)
 d - a +0 animal skin (worn)
Magical devices
 D - a wand of confusion (13)
 H - a wand of confusion (0)
 J - a wand of paralysis (1)
Comestibles
 f - 11 meat rations
 q - 6 bread rations
 K - a royal jelly
Scrolls
 h - a scroll of enchant armour
 j - 3 scrolls of immolation {unknown}
 l - 7 scrolls of remove curse
 n - a scroll of blinking {unknown}
 p - 5 scrolls of teleportation {unknown}
 r - 2 scrolls of fog {unknown}
 u - 3 scrolls of fear
 v - 2 scrolls of recharging {unknown}
 A - a scroll of magic mapping {unknown}
 B - 2 scrolls of amnesia {unknown}
 C - a scroll of random uselessness {unknown}
 F - a scroll of enchant weapon {unknown}
Jewellery
 a - a cursed ring of wizardry (left hand)
 b - a cursed -3 ring of intelligence {unknown}
Potions
 e - 2 potions of curing
 k - a potion of cure mutation
 m - a potion of might
 o - a potion of haste
 t - a potion of agility
 x - a potion of cancellation
 z - 2 potions of magic
 G - a potion of flight
 I - a potion of confusion {unknown}


   Skills:
 + Level 4.8 Fighting
 - Level 13.1 Maces & Flails
 + Level 9.6 Throwing
 - Level 1.7 Dodging
 - Level 0.7 Stealth
 - Level 4.0 Invocations
 * Level 2.9 Evocations


You couldn't memorise any spells.
You knew the following spells:

 Your Spells              Type           Power        Failure   Level  Hunger
a - Conjure Flame         Conj/Fire      #.......     63%         3    ####...
b - Repel Missiles        Chrm/Air       #.....       30%         2    ###....
c - Animate Skeleton      Necr           N/A          16%         1    ##.....
d - Flight                Chrm/Air       #.........   63%         3    ####...


Dungeon Overview and Level Annotations

Branches:
Dungeon (10/15)            Temple (1/1) D:5             Orc (0/4) D:9
   Lair: D:8-11

Altars:
Ashenzari
Cheibriados
Dithmenos
Elyvilon
Fedhas
Gozag
Kikubaaqudgha
Makhleb
Nemelex Xobeh
Okawaru
Qazlal
Sif Muna
Trog
Vehumet
Xom
Yredelemnul
Zin
The Shining One

Shops:
D:5 *

Annotations:
D:10 Gastronok


Innate Abilities, Weirdness & Mutations

You are too large for most types of armour.
You have tough skin (AC +1).


Message History

Gastronok closely misses you. The rat bites you but does no damage.
You sock Gastronok!
Gastronok is almost dead.
The green rat barely misses you. The green rat bites you. The rat bites you.
You hit Gastronok but do no damage.
Gastronok is almost dead.
The green rat barely misses you. The green rat closely misses you.
Gastronok bites you.
* * * LOW HITPOINT WARNING * * *
The rat bites you but does no damage.
You sock Gastronok!
Gastronok is almost dead.
The green rat bites you.
* * * LOW HITPOINT WARNING * * *
The green rat bites you but does no damage.
The rat bites you.
* * * LOW HITPOINT WARNING * * *
Gastronok sloshes about.
Gastronok bites you!!
You die...

########## #####
#.........# #....
##.........#####....
....................
#.........#####....
####.........# #....
.............# #....
##.........# #####
#r@r......#
#.rw.r......#
#.%.##########
...... #.### ####
..... #####


You could see Gastronok, 3 green rats and a rat.

Vanquished Creatures
  A two-headed ogre (D:10)
  3 hippogriffs
  A hill giant skeleton (D:10)
  A hungry ghost (D:8)
  Edmund (D:6)
  2 sky beasts
  2 black bears (D:8)
  An ice beast (D:7)
  2 orc warriors (D:9)
  5 ogres
  4 centaurs
  A big kobold (D:9)
  Sigmund (D:6)
  3 giant frogs
  A cyclops skeleton (D:8)
  A hippogriff skeleton (D:5)
  A wight (D:2)
  4 crimson imps
  A goliath beetle (D:8)
  3 orc priests
  2 hounds (D:8)
  Crazy Yiuf (D:2)
  4 iguanas
  3 jellies
  3 orc wizards
  4 worker ants
  A killer bee zombie (D:9)
  Ijyb (D:2)
  A crocodile zombie (D:7)
  An ogre skeleton (D:10)
  A hound zombie (D:6)
  A mummy (D:10)
  2 orc zombies
  3 shadow imps
  9 adders
  A giant mite (D:4)
  A green rat (D:10)
  A worm (D:2)
  5 giant geckos
  2 oozes
  13 orcs
  2 ball pythons (D:2)
  27 bats
  A bat zombie (D:5)
  5 giant cockroaches
  9 hobgoblins
  24 kobolds
  5 quokkas
  3 giant newts
  A gnoll skeleton (D:4)
  12 goblins
  A hobgoblin skeleton (D:5)
  17 rats
  A rat skeleton (D:5)
207 creatures vanquished.

Notes
Turn   | Place    | Note
--------------------------------------------------------------
     0 | D:1      | Ololoev, the Ogre Hunter, began the quest for the Orb.
     0 | D:1      | Reached XP level 1. HP: 22/22 MP: 1/1
   298 | D:1      | Reached XP level 2. HP: 19/29 MP: 2/2
   844 | D:1      | Reached XP level 3. HP: 36/36 MP: 3/3
  1489 | D:2      | Noticed Ijyb
  1524 | D:2      | Killed Ijyb
  1524 | D:2      | Reached skill level 5 in Throwing
  1632 | D:2      | Reached XP level 4. HP: 44/44 MP: 4/4
  2178 | D:2      | Reached XP level 5. HP: 48/50 MP: 5/5
  2199 | D:2      | Noticed Crazy Yiuf
  2208 | D:2      | Killed Crazy Yiuf
  2208 | D:2      | Reached skill level 5 in Maces & Flails
  2425 | D:3      | Found a blossoming altar of Fedhas.
  2489 | D:3      | Found a basalt altar of Yredelemnul.
  2858 | D:3      | Reached skill level 6 in Maces & Flails
  2962 | D:3      | Reached XP level 6. HP: 38/59 MP: 6/6
  3229 | D:3      | Found a white marble altar of Elyvilon.
  3264 | D:3      | Became a worshipper of Elyvilon the Healer
  4166 | D:2      | Acquired Elyvilon's first power
  4473 | D:4      | Found a shattered altar of Ashenzari.
  4702 | D:4      | Reached skill level 1 in Invocations
  5491 | D:5      | Entered Level 5 of the Dungeon
  5555 | D:5      | Reached XP level 7. HP: 30/66 MP: 1/12
  5745 | D:5      | Found a staircase to the Ecumenical Temple.
  5752 | Temple   | Entered the Ecumenical Temple
  5818 | Temple   | Fell from the grace of Elyvilon
  5818 | Temple   | Became a worshipper of Warmaster Okawaru
  5889 | D:5      | Found a blossoming altar of Fedhas.
  5940 | D:5      | Reached skill level 7 in Maces & Flails
  6151 | D:5      | Learned a level 3 spell: Conjure Flame
  6270 | D:5      | Found Gozag's Nutrition Petition.
  6271 | D:5      | Found an opulent altar of Gozag.
  6457 | D:6      | Noticed Edmund
  6472 | D:6      | Killed Edmund
  6472 | D:6      | Reached skill level 8 in Maces & Flails
  6588 | D:6      | Reached XP level 8. HP: 62/74 MP: 13/13
  6860 | D:6      | Found a glowing silver altar of Zin.
  6927 | D:6      | Reached skill level 9 in Maces & Flails
  6950 | D:6      | Noticed Sigmund
  6962 | D:6      | Killed Sigmund
  6964 | D:6      | Acquired Okawaru's first power
  7348 | D:6      | Reached skill level 10 in Maces & Flails
  7378 | D:6      | Found a radiant altar of Vehumet.
  7385 | D:6      | Found a deep blue altar of Sif Muna.
  8194 | D:7      | Found a shadowy altar of Dithmenos.
  8384 | D:8      | Reached skill level 11 in Maces & Flails
  8386 | D:8      | Reached XP level 9. HP: 80/80 MP: 15/15
  8504 | D:8      | Found a bloodstained altar of Trog.
  8620 | D:8      | Found a burning altar of Makhleb.
  8621 | D:8      | Found a shimmering altar of Xom.
  9064 | D:8      | Reached skill level 12 in Maces & Flails
  9792 | D:9      | Found a staircase to the Orcish Mines.
 10066 | D:9      | Learned a level 2 spell: Repel Missiles
 10119 | D:9      | Reached skill level 13 in Maces & Flails
 10377 | D:9      | Paralysed by a centaur for 3 turns
 10517 | D:9      | Reached skill level 1 in Evocations
 10696 | D:9      | Reached XP level 10. HP: 92/92 MP: 17/17
 10860 | D:10     | Entered Level 10 of the Dungeon
 10865 | D:10     | Identified the Grimoire of Stolen Souls
 10868 | D:10     | Learned a level 1 spell: Animate Skeleton
 10872 | D:10     | Learned a level 3 spell: Flight
 11377 | D:10     | Noticed Gastronok
 11416 | D:10     | Slain by Gastronok

Action                   |  1- 3 |  4- 6 |  7- 9 | 10-12 || total
-------------------------+-------+-------+-------+-------++-------
Melee: Club              |    23 |       |       |       ||    23
       Whip              |   143 |   288 |       |       ||   431
       Flail             |       |    32 |   383 |    85 ||   500
       Unarmed           |       |    30 |       |       ||    30
Throw: Large rock        |     2 |     8 |    15 |       ||    25
       Throwing net      |       |     2 |     2 |       ||     4
 Cast: Repel Missiles    |       |       |     1 |       ||     1
Invok: Lesser Healing    |       |    26 |       |       ||    26
Evoke: Wand              |       |       |    16 |       ||    16
  Use: Scroll            |       |     7 |     8 |       ||    15
       Potion            |       |     1 |     1 |     3 ||     5
 Stab: Confused          |       |       |     3 |       ||     3
  Eat: Chunk             |     2 |    14 |     9 |     1 ||    26
       Royal jelly       |       |     1 |       |       ||     1
       Bread ration      |       |       |     1 |       ||     1
       Fruit             |       |       |     3 |     1 ||     4
       Beef jerky        |       |       |     1 |       ||     1
       Pizza             |       |       |       |     1 ||     1
